 Dungeon Sprint DCSS version 0.31-a0-810-ga77100ea1a (webtiles) character file.

Game seed: 14029323199830579517

1549 dynsetu the Imperceptible (level 8, -16/50 HPs)
             Began as a Vampire Brigand on Sept 22, 2023.
             Was an Initiate of Dithmenos.
             Demolished by an ogre
             ... wielding a +0 giant club
              (20 damage)
             ... in the Dungeon (Sprint I: "Red Sonja").
             The game lasted 00:03:37 (154 turns).

dynsetu the Imperceptible (Vampire Brigand)          Turns: 154, Time: 00:03:38

Health: -16/50     AC:  1    Str: 10    XL:     8   Next: 57%
Magic:  8/8        EV: 13    Int: 14    God:    Dithmenos [......]
Gold:   162        SH:  0    Dex: 17    Spells: 7/7 levels left

rFire   . . .        a - +2 dagger
rCold   + + .        (no shield)
rNeg    + + +        (no body armour)
rPois   ∞            (no helmet)
rElec   .            c - +0 cloak
rCorr   .            (no gloves)
SInv    +            (no boots)
Will    .....        (no amulet) Stlth *+++++++++
                     (no ring)
HPRegen 0.00/turn    (no ring)
MPRegen 0.11/turn

%: no teleportation
@: bloodless, inhibited regen
A: bloodless, fangs 3, see invisible, vampiric 2
a: Bat Form, Revivify, Renounce Religion


You were in the Dungeon.
You worshipped Dithmenos.
Dithmenos was noncommittal.
You visited 1 branch You collected 162 gold pieces.

Inventory:

Hand Weapons
 a - a +2 dagger (weapon)
Missiles
 d - 9 poisoned darts (quivered)
 e - 5 curare-tipped darts
 m - 2 javelins
Armour
 b - a +0 robe
 c - a +0 cloak (worn)
 n - a +0 troll leather armour
Wands
 l - a wand of charming (5)
Scrolls
 k - a scroll of blinking
Potions
 f - 3 potions of curing
 g - a potion of heal wounds
 h - a potion of haste
 i - 2 potions of magic
 j - a potion of berserk rage


   Skills:
 + Level 5.5 Fighting
 + Level 7.5 Short Blades
 + Level 4.8 Throwing
 + Level 2.8 Dodging
 + Level 23.6 Stealth
 + Level 2.1 Evocations


You had 7 spell levels left.
You didn't know any spells.
Your spell library was empty.

Dungeon Overview and Level Annotations

Branches:
Dungeon (1/1)

Altars:
Cheibriados
Dithmenos
Fedhas
Gozag
Hepliaklqana
Kikubaaqudgha
Makhleb
Nemelex Xobeh
Okawaru
Qazlal
Ru
Sif Muna
Trog
Uskayaw
Vehumet
Wu Jian
Xom
Yredelemnul
Jiyva
Lugonu

Shops:
D [[


Innate Abilities, Weirdness & Mutations

You do not regenerate when monsters are visible.
You are frail without blood (-20% HP).
You can heal yourself when you bite living creatures.
You are immune to poison.
You have razor-sharp teeth.
You have supernaturally acute eyesight. (SInv)
You are afflicted with vampirism and can become a bat while bloodless.


Message History

There is an open door here.
You now have 162 gold pieces (gained 27).
You open the door.
A deep troll comes into view.
Found 108 gold pieces.
There is an open door here.
You see here 27 gold pieces.
You see here 27 gold pieces.
The helpless deep troll fails to defend itself.
You bite the deep troll, and draw its blood!
You feel better.
You perforate the deep troll like a sieve!!!!!
You kill the deep troll!
Dithmenos accepts your kill.
The troll leather armour is intact enough to wear.
Your Stealth skill increases to level 23!
Your Evocations skill increases to level 2!
The ogre is no longer charmed.
Things that are here:
a +0 troll leather armour; a deep troll corpse
n - a +0 troll leather armour The ogre barely misses you.
You start removing your armour.
You continue taking off your +0 robe.
The ogre hits you with a +0 giant club!
You continue taking off your +0 robe.
The ogre hits you with a +0 giant club!!
* * * LOW HITPOINT WARNING * * *
You continue taking off your +0 robe. x2
The ogre misses you.
You finish taking off your +0 robe.
Unknown command.
Unknown command.
Unknown command.
Unknown command.
Aiming: Charm
Press: ? - help, Shift-Dir - straight line, f/p - ogre
Aim: an ogre, wielding a +0 giant club (chance to affect: 54%)
The ogre resists with significant effort.
The ogre hits you with a +0 giant club!!
You die...

..#####'#####'#__####
..####$$#$$ #[####
..#__####$$##[#
..#_____##'#_.+§§~§
⌠⌠#_.∩..†'..._#§§§§
###_..__##_.#'##+#
#_____###'#)#
###########.####+###
∩........'..$'$O@$$+
##++++####.).#######
###.### #$#'#$#
#$...$# #$.!$$#
#######


You could see an ogre.

Vanquished Creatures
  Sonja (D)
  A deep troll (D)
  A slime creature (D)
  Sigmund (D)
  A yak (D)
  A jelly (D)
  Ijyb (D)
7 creatures vanquished.

Vanquished Creatures (others)
  2 ballistomycete spores (D)
2 creatures vanquished.

Grand Total: 9 creatures vanquished

Notes
Turn   | Place    | Note
-------+----------+-------------------------------------------
     0 | D        | dynsetu the Vampire Brigand began the quest for the Orb.
     0 | D        | Reached XP level 1. HP: 16/16 MP: 1/1
     2 | D        | Noticed Ijyb
     4 | D        | Killed Ijyb
     5 | D        | Reached skill level 9 in Stealth
     5 | D        | Reached XP level 2. HP: 23/23 MP: 2/2
    18 | D        | Noticed an ogre
    24 | D        | Noticed Sigmund
    27 | D        | Killed Sigmund
    28 | D        | Reached skill level 14 in Stealth
    28 | D        | Gained mutation: You are afflicted with vampirism and can
                  | become a bat while bloodless. [Vampire growth]
    28 | D        | Reached XP level 3. HP: 23/23 MP: 3/3
    28 | D        | Reached XP level 4. HP: 28/28 MP: 4/4
    28 | D        | Reached XP level 5. HP: 32/32 MP: 5/5
    35 | D        | Found a burning altar of Makhleb.
    35 | D        | Found a viscous altar of Jiyva.
    35 | D        | Found a shimmering altar of Xom.
    35 | D        | Found a corrupted altar of Lugonu.
    35 | D        | Noticed a slime creature
    38 | D        | Killed a slime creature
    39 | D        | Reached skill level 5 in Short Blades
    39 | D        | Reached skill level 17 in Stealth
    39 | D        | Reached XP level 6. HP: 38/38 MP: 6/6
    40 | D        | Found an ornate altar of the Wu Jian Council.
    40 | D        | Found a shimmering blue altar of Sif Muna.
    42 | D        | Found a radiant altar of Vehumet.
    47 | D        | Reached skill level 18 in Stealth
    49 | D        | Found Mojuxkysuc's Armour Emporium.
    49 | D        | Found an ancient bone altar of Kikubaaqudgha.
    49 | D        | Found a hazy altar of Hepliaklqana.
    49 | D        | Found a stormy altar of Qazlal.
    49 | D        | Found a hide-covered altar of Uskayaw.
    49 | D        | Found a blossoming altar of Fedhas.
    49 | D        | Found a bloodstained altar of Trog.
    49 | D        | Found an iron altar of Okawaru.
    49 | D        | Found a basalt altar of Yredelemnul.
    49 | D        | Found a snail-covered altar of Cheibriados.
    49 | D        | Found a sacrificial altar of Ru.
    49 | D        | Found a shadowy altar of Dithmenos.
    49 | D        | Noticed a yak
    50 | D        | Found an opulent altar of Gozag.
    51 | D        | Killed a yak
    52 | D        | Reached skill level 19 in Stealth
    52 | D        | Reached XP level 7. HP: 44/44 MP: 7/7
    52 | D        | Found a sparkling altar of Nemelex Xobeh.
    60 | D        | Became a worshipper of Dithmenos the Shadowed
    93 | D        | Noticed Sonja
    97 | D        | Killed Sonja
    98 | D        | Reached skill level 5 in Fighting
    98 | D        | Reached skill level 22 in Stealth
    98 | D        | Reached skill level 1 in Evocations
    98 | D        | Reached XP level 8. HP: 32/49 MP: 8/8
   105 | D        | Found Pairhic's Armour Boutique.
   142 | D        | Noticed a deep troll
   146 | D        | Killed a deep troll
   147 | D        | Reached skill level 23 in Stealth
   154 | D        | Demolished by an ogre

Illustrated notes

Levels and vault maps discovered:
D:        dungeon_sprint_1 [red_sonja_temple_1, red_sonja_temple_small_1]

Skill      XL: |  1  2  3  4  5  6  7  8 |
---------------+-------------------------+-----
Fighting       | 2 3 4 5 |  5.5
Short Blades   | 3 4 5 6 7 |  7.5
Throwing       | 2 3 4 |  4.8
Stealth        | 9 14 17 19 22 23 | 23.6
Dodging        | 2 |  2.8
Evocations     | 1 2 |  2.1

Action                     |  1- 3 |  4- 6 |  7- 9 || total
---------------------------+-------+-------+-------++-------
  Melee: Dagger            |     2 |     3 |     3 ||     8
Ability: Exsanguinate      |     1 |       |       ||     1
  Evoke: Wand              |     1 |       |     6 ||     7
   Stab: Sleeping          |     2 |     3 |     2 ||     7
 Armour: Robe              |       |       |     5 ||     5
         Skin              |       |       |     1 ||     1
  Dodge: Dodged            |       |       |     5 ||     5

Table legend: (Time is in decaauts)
 A = Elapsed time spent in this place.
 B = Non-inter-level travel time spent in this place.
 C = Inter-level travel time spent in this place.
 D = Time resting spent in this place.
 E = Time spent auto-exploring this place.
 F = Levels seen in this place.
 G = Mean time per level.
                   A        B        C        D        E       F      G
               +--------+--------+--------+--------+--------+-----+--------+
         Total |    151 |    151 |      0 |      0 |      0 |   1 |  151.0 |
       Dungeon |    151 |    151 |      0 |      0 |      0 |   1 |  151.0 |
               +--------+--------+--------+--------+--------+-----+--------+

Top non-repeatable levels by time:
       D: 151 daAuts
